 Dungeon Crawl Stone Soup version 0.23.2-40-g277498a001 (webtiles) character file.

Game seed: 3126681008179654980

27 Martska the Chiller (level 3, 0/26 HPs)
             Began as a Merfolk Ice Elementalist on Sept 29, 2019.
             Slain by an adder (1 damage)
             ... on level 1 of the Dungeon.
             The game lasted 00:10:43 (1408 turns).

Martska the Chiller (Merfolk Ice Elementalist)      Turns: 1408, Time: 00:10:44

Health: 0/26       AC:  3    Str:  8    XL:     3   Next: 10%
Magic:  2/6        EV: 13    Int: 14    God:
Gold:   50         SH:  0    Dex: 15    Spells: 5/6 levels left

rFire    . . .     SeeInvis .   b - +0 whip
rCold    . . .     Gourm    .   (no shield)
rNeg     . . .     Faith    .   g - +0 leather armour
rPois    .         Spirit   .   (no helmet)
rElec    .         Reflect  .   (no cloak)
rCorr    .         Harm     .   (no gloves)
MR       .....                  (no boots)
Stlth    ++........             (no amulet)
HPRegen  0.08/turn              (no ring)
MPRegen  0.10/turn              (no ring)

@: lethally poisoned (0 -> -4)
A: change form in water, swift swim, stealthy swim
a: no special abilities


You were on level 1 of the Dungeon.
You were near starving.

You visited 1 branch of the dungeon, and saw 2 of its levels.

You collected 50 gold pieces.

Inventory:

Hand Weapons
 b - a +0 whip (weapon)
 k - a +0 dagger
Armour
 a - a +0 robe
 g - a +0 leather armour (worn)
 h - a +0 chain mail
 l - a +0 buckler
 n - a +0 leather armour
Scrolls
 e - 2 scrolls of teleportation {unknown}
 j - a scroll of identify {unknown}
 o - a scroll of remove curse
 p - a scroll of blinking {unknown}
 q - a scroll of fear {unknown}
Potions
 d - a potion of flight {unknown}
 f - a potion of berserk rage {unknown}
 i - 2 potions of agility {unknown}
 m - a potion of curing {unknown}
Comestibles
 c - a ration


   Skills:
 * Level 1.2 Fighting
 * Level 3.4 Dodging
 + Level 2.5 Stealth
 + Level 2.2 Spellcasting
   Level 0.7 Conjurations
 + Level 3.4 Ice Magic


You had 5 spell levels left.
You knew the following spells:

 Your Spells              Type           Power        Failure   Level  Hunger
a - Freeze                Ice            ##..         9%          1    #......

Your spell library contained the following spells:

 Spells                   Type           Power        Failure   Level  Hunger
 Throw Frost              Conj/Ice       #.....       22%         2    ###....
 Ozocubu's Armour         Chrm/Ice       #.......     45%         3    ###....
 Throw Icicle             Conj/Ice       #.......     82%         4    #####..
 Summon Ice Beast         Ice/Summ       #.......     86%         4    #####..


Dungeon Overview and Level Annotations

Branches:
Dungeon (2/15)

Altars:


Message History

You feel sick.
* * * LOW HITPOINT WARNING * * *
You feel sick.
The adder barely misses you. x2; The adder closely misses you.
* * * LOW HITPOINT WARNING * * *
You feel sick.
* * * LOW HITPOINT WARNING * * *
You feel sick. The adder barely misses you.
* * * LOW HITPOINT WARNING * * *
You feel sick.
* * * LOW HITPOINT WARNING * * *
You feel sick. The adder bites you.
* * * LOW HITPOINT WARNING * * *
There is a stone staircase leading up here.
The adder closely misses you. The adder bites you but does no damage.
You climb upwards.
* * * LOW HITPOINT WARNING * * *
You feel sick.
There is a stone staircase leading down here.
The adder closely misses you. The adder bites you.
You die...

###...(.....####...#.#########...
..'.........'....................
###.........####...#.#########...
##.......## #......# #..#
##.....## #.###..# #.## ##...##
#.###..# ###.# ##'## #...)..#
#...# #######.# #S####.# #.###
.....##.# #@####.# #.# #
####[##.## #S.....# #.# # #
#.#...## #.###### #.####
####......# #.# #.....
..##.#...#######.# ######
#.##.##..........#
#.##.##.########## ........#
#########


You could see 2 adders.

Vanquished Creatures
  An adder (D:2)
  2 giant cockroaches (D:1)
  A goblin (D:1)
  2 hobgoblins (D:1)
  A ball python (D:1)
  5 bats
  2 frilled lizards (D:1)
  A kobold (D:1)
  4 rats (D:1)
19 creatures vanquished.

Notes
Turn   | Place    | Note
-------+----------+-------------------------------------------
     0 | D:1      | Martska the Merfolk Ice Elementalist began the quest for
                  | the Orb.
     0 | D:1      | Reached XP level 1. HP: 13/13 MP: 3/3
   659 | D:1      | Reached XP level 2. HP: 20/20 MP: 3/5
   970 | D:1      | Reached skill level 1 in Fighting
  1392 | D:2      | Reached XP level 3. HP: 18/26 MP: 2/6
  1407 | D:1      | HP: 1/26 [poisoned by an adder]
  1408 | D:1      | Slain by an adder

Skill      XL: |  1  2 |
---------------+-------+-----
Dodging        | 3 |  3.4
Fighting       | 1 |  1.2
Stealth        | |  2.5
Spellcasting   | |  2.2
Conjurations   | |  0.7
Ice Magic      | |  3.4

Action                   || total
-------------------------++-------
Melee: Unarmed           ||    15
       Whip              ||    20
 Cast: Freeze            ||    14
  Use: Scroll            ||     1
 Stab: Sleeping          ||     4
Armor: Robe              ||    21
       Leather armour    ||     7
Dodge: Dodged            ||    71
